 Dungeon Crawl Stone Soup version 0.29.0-13-gc9e81de378 (webtiles) character file.

Game seed: 15787741359588358715

48 inqbanana the Ducker (level 3, -5/17 HPs)
             Began as a Felid Monk on Sept 9, 2022.
             Slain by a gnoll
             ... wielding a +0 spear
              (9 damage)
             ... on level 3 of the Dungeon.
             The game lasted 00:03:38 (1489 turns).

inqbanana the Ducker (Felid Monk)                   Turns: 1489, Time: 00:03:38

Health: -5/17      AC:  1    Str:  7    XL:     3   Next: 50%
Magic:  5/5        EV: 19    Int: 13    God:
Gold:   105        SH:  0    Dex: 18    Spells: 4/4 levels left
                                        Lives:  0   Deaths: 0

rFire   . . .      SeeInvis +     - Unarmed
rCold   . . .      Faith    .   (shield unavailable)
rNeg    . . .      Spirit   .   (body armour unavailable)
rPois   .          Reflect  .   (helmet unavailable)
rElec   .          Harm     .   (cloak unavailable)
rCorr   .          Rampage  .   (gloves unavailable)
Will    .....                   (boots unavailable)
Stlth   +++.......              c - amulet of magic regeneration
HPRegen 0.05/turn               (no ring)
MPRegen 0.49/turn               (no ring)

@: quick
A: very small, claws 1, fangs 3, see invisible, speed 1, shaggy fur 1, stealthy
paws, no weapons or thrown items, no armour, multi-lived
a: no special abilities


You were on level 3 of the Dungeon.
You visited 1 branch of the dungeon, and saw 3 of its levels.

You collected 105 gold pieces.

Inventory:

Jewellery
 c - an amulet of magic regeneration (around neck)
Scrolls
 b - 3 scrolls of blinking
 e - a scroll of identify
 g - 2 scrolls of poison
Potions
 a - a potion of curing {unknown}
 d - a potion of degeneration {unknown}


   Skills:
 + Level 3.2 Fighting
 + Level 4.4 Dodging
 + Level 3.2 Stealth
 * Level 3.6 Unarmed Combat
 + Level 1.0 Spellcasting


You had 4 spell levels left.
You didn't know any spells.
Your spell library contained the following spells:

 Spells                   Type           Power      Damage    Failure   Level
 Fireball                 Conj/Fire      0%         3d3       100%        5
 Iskenderun's Battlesphe  Conj           0%         2d6       100%        5
 Conjure Ball Lightning   Conj/Air       0%         3x3d6     100%        6
 Orb of Destruction       Conj           0%         9d5       100%        7


Dungeon Overview and Level Annotations

Branches:
Dungeon (3/15)

Altars:


Innate Abilities, Weirdness & Mutations

You have sharp claws.
You have razor-sharp teeth.
You have supernaturally acute eyesight. (SInv)
You cover ground quickly. (Speed+)
You are covered in fur. (AC +1)
Your paws help you pounce on unaware monsters.
You are incapable of wielding weapons or throwing items.
You cannot wear armour.
You gain extra lives every three experience levels.


Message History

You scratch the bat but do no damage. You bite the bat.
You kill the bat!
Your Spellcasting skill increases to level 1!
No target in view!
No target in view!
You see here a bat corpse.
e - a scroll of identify
b - 3 scrolls of blinking (gained 1)
A gnoll comes into view. It is wielding a +0 spear.
The gnoll shouts!
A gnoll is nearby!
Found 9 gold pieces.
Found a stone staircase leading down.
Found 14 gold pieces.
You now have 105 gold pieces (gained 14).
There are no items here.
The gnoll hits you with a +0 spear.
You scratch the gnoll but do no damage. The gnoll hits you with a +0 spear.
You scratch the gnoll but do no damage. You scratch the gnoll.
You bite the gnoll.
The gnoll is lightly wounded.
The gnoll barely misses you.
You scratch the gnoll.
The gnoll is heavily wounded.
The gnoll hits you with a +0 spear.
You barely miss the gnoll. You bite the gnoll.
The gnoll is severely wounded.
The gnoll hits you with a +0 spear.
* * * LOW HITPOINT WARNING * * *
You scratch the gnoll but do no damage.
The gnoll is severely wounded.
The gnoll completely misses you.
You barely miss the gnoll.
The gnoll is severely wounded.
The gnoll barely misses you.
You scratch the gnoll but do no damage.
The gnoll is severely wounded.
The gnoll hits you with a +0 spear!
Ouch! That really hurt!
You die...

####.#####.###
#.# #...##
####.#
#.###.#####
#....# #.
#.....# #.##.#
#.###.###.#
#.##.# #....##
#.### #.##.#
#.#.#####.##.
#.##g##
#..##......
#..@>.#
##†##.###..
#..###.#
##.#..# #..
.....# .#
#.....###..
####..#
..<...#........
##..
....#..)###.##.
### ######.##
.... #. # ##.
.. ###


You could see a gnoll.

Vanquished Creatures
  An adder (D:2)
  2 dart slugs
  An orc (D:3)
  3 ball pythons
  3 bats
  An endoplasm (D:3)
  A giant cockroach (D:3)
  5 goblins
  3 hobgoblins
  2 jackals (D:1)
  A quokka (D:2)
  4 frilled lizards
  2 kobolds
  4 rats
33 creatures vanquished.

Vanquished Creatures (others)
  5 plants (D:3)
5 creatures vanquished.

Grand Total: 38 creatures vanquished

Notes
Turn   | Place    | Note
-------+----------+-------------------------------------------
     0 | D:1      | inqbanana the Felid Monk began the quest for the Orb.
     0 | D:1      | Reached XP level 1. HP: 10/10 MP: 2/2
   378 | D:1      | Reached XP level 2. HP: 14/14 MP: 3/3
   653 | D:1      | You fall into a shaft and drop 1 floor!
   888 | D:2      | Reached XP level 3. HP: 5/17 MP: 3/5
   894 | D:2      | HP: 1/25 [poisoned by an adder]
  1009 | D:2      | Identified the +5 ring mail of Eternal Night {rF+ Str+3
                  | Int+4}
  1423 | D:3      | Reached skill level 1 in Spellcasting
  1489 | D:3      | Slain by a gnoll

Illustrated notes

Levels and vault maps discovered:
D:1:      saegor_arrival_under_anarchy, layout_loops_ring,
          hellmonk_ecumenical_altar_lost_god
D:2:      layout_loops_ring
D:3:      layout_loops_ring, nicolae_elyvilon_temple_path, bh_walls_and_bars

Skill      XL: |  1  2  3 |
---------------+----------+-----
Stealth        | 3 |  3.2
Spellcasting   | 1 |  1.0
Fighting       | |  3.2
Dodging        | |  4.4
Unarmed Combat | |  3.6

Action                   || total
-------------------------++-------
Melee: Unarmed           ||    83
       Bite              ||     9
       Punch             ||     2
  Use: Potion            ||     2
       Scroll            ||     3
 Stab: Sleeping          ||     8
Armor: Skin              ||     4
Dodge: Dodged            ||    46
